 Dungeon Crawl Stone Soup version 0.29.1-13-g9f3cf754e1 (webtiles) character file.

Game seed: 9360114137165845591

9 thatblackman the Trooper (level 2, 0/19 HPs)
             Began as a Gargoyle Abyssal Knight on Jan 23, 2023.
             Was a Believer of Lugonu.
             Slain by a kobold
             ... wielding a +0 short sword
              (4 damage)
             ... on level 1 of the Dungeon.
             The game lasted 00:03:24 (343 turns).

thatblackman the Trooper (Gargoyle Abyssal Knight)   Turns: 343, Time: 00:03:25

Health: 0/19       AC:  6    Str: 16    XL:     2   Next: 12%
Magic:  2/3        EV: 11    Int: 10    God:    Lugonu [**....]
Gold:   14         SH:  0    Dex: 10    Spells: 1/1 levels left

rFire   . . .      SeeInvis .   a - +1 falchion
rCold   . . .      Faith    .   (no shield)
rNeg    + . .      Spirit   .   b - +0 leather armour
rPois   ∞          Reflect  .   (no helmet)
rElec   +          Harm     .   (no cloak)
rCorr   .          Rampage  .   (no gloves)
Will    .....                   (no boots)
Stlth   +.........              (no amulet)
HPRegen 0.06/turn               (no ring)
MPRegen 0.08/turn               (no ring)

@: no status effects
A: sickness immunity, AC +2, negative energy resistance 1, electricity
resistance, torment resistance 1, petrification resistance
a: Renounce Religion, Depart the Abyss, Bend Space


You were on level 1 of the Dungeon.
You worshipped Lugonu.
Lugonu was pleased with you.
You visited 1 branch of the dungeon, and saw 1 of its levels.
You visited the Abyss 1 time.

You collected 14 gold pieces.

Inventory:

Hand Weapons
 a - a +1 falchion (weapon)
Armour
 b - a +0 leather armour (worn)
Scrolls
 c - a scroll of identify {unknown}
 d - a scroll of fear {unknown}


   Skills:
 + Level 3.6 Fighting
 + Level 1.9 Long Blades
 + Level 2.2 Armour
 + Level 1.0 Dodging
 + Level 2.0 Invocations


You had one spell level left.
You didn't know any spells.
Your spell library was empty.

Dungeon Overview and Level Annotations

Branches:
Dungeon (1/15)

Altars:


Innate Abilities, Weirdness & Mutations

You are immune to sickness and miasma.
Your stone body is resilient. (AC +2)
You are immune to poison.
You resist negative energy. (rN+)
You are resistant to electric shocks. (rElec)
You are resistant to unholy torment.
You are immune to petrification.


Message History

You see here a bat corpse.
You closely miss the hobgoblin. The hobgoblin closely misses you.
You hit the hobgoblin.
The hobgoblin is heavily wounded.
The kobold closely misses you. The hobgoblin completely misses you.
You barely miss the kobold. The hobgoblin hits you.
The kobold hits you but does no damage. The ball python closely misses you.
The ball python barely misses you.
You barely miss the kobold. The ball python barely misses you.
The ball python grabs you. The ball python constricts you.
The kobold hits you but does no damage.
The hobgoblin hits you but does no damage.
The ball python bites you but does no damage.
The ball python constricts you.
The hobgoblin hits you but does no damage.
The kobold hits you but does no damage.
You closely miss the hobgoblin.
The hobgoblin is heavily wounded.
The ball python bites you but does no damage.
The ball python constricts you.
The kobold hits you with a +0 short sword.
The hobgoblin hits you.
You aren't in the Abyss!
You barely miss the ball python.
The ball python bites you but does no damage.
The ball python constricts you. The kobold hits you but does no damage.
The hobgoblin closely misses you. The ball python barely misses you.
The ball python constricts you.
You slash the ball python!
You kill the ball python!
Lugonu accepts your kill. The kobold closely misses you.
The hobgoblin closely misses you. Space bends violently around you!
You blink.
The kobold attacks as you move away! The kobold closely misses you.
The hobgoblin barely misses you.
The kobold hits you with a +0 short sword.
* * * LOW HITPOINT WARNING * * *
The kobold attacks as you move away!
The kobold hits you with a +0 short sword.
You die...

.....##...# #.#
....###...####.#####
......†......†.....#
....########.†.....#
....# #.......#
....# #.......#
....# #.......#
....# #...Kg..#
####### #....@?.#
#...# #.......# #
#.#.# #.......#
###.#.## #.......#
##.....# #.......#
.'.....# #.......#
##..)..# #.......#
.......# #########
##.....#


You could see a hobgoblin and a kobold.

Vanquished Creatures
  2 giant cockroaches (D:1)
  A hobgoblin (D:1)
  A ball python (D:1)
  2 bats (D:1)
  2 frilled lizards (D:1)
  A kobold (D:1)
  A rat (D:1)
10 creatures vanquished.

Notes
Turn   | Place    | Note
-------+----------+-------------------------------------------
     0 | Abyss:1  | thatblackman the Gargoyle Abyssal Knight began the quest
                  | for the Orb.
     0 | Abyss:1  | Reached XP level 1. HP: 14/14 MP: 2/2
    17 | D:1      | Escaped the Abyss
   154 | D:1      | Reached ** piety under Lugonu
   159 | D:1      | Reached skill level 1 in Dodging
   320 | D:1      | Reached XP level 2. HP: 19/19 MP: 3/3
   343 | D:1      | Slain by a kobold

Illustrated notes

Levels and vault maps discovered:
D:1:      erik_arrival_orb_chamber, layout_basic

Skill      XL: |  1 |
---------------+----+-----
Dodging        | 1 |  1.0
Fighting       | |  3.6
Long Blades    | |  1.9
Armour         | |  2.2
Invocations    | |  2.0

Action                   || total
-------------------------++-------
Melee: Falchion          ||    31
Invok: Depart the Abyss  ||     1
       Bend Space        ||     1
Armor: Leather armour    ||    31
Dodge: Dodged            ||    34
